Map: Abyssal Reef LE

Players

Cuervo

  • Race: Terran Terran
  • Spawn Location: 11:00

A.I. 1 (Very Easy) - Winner!

  • Race: Protoss Protoss
  • Spawn Location: 5:00

VOD

Have the link to the VOD?

Description

Time

  • Played on: Sept. 21, 2017, 8:38 p.m.
  • Length: 5:20
Show
View Real Time Build Order
Export as new Build Order

Cuervo Terran 

Build Orders:  

Get SALT Encoding   

  12  0:01  SCV  
  13  0:13  SCV  
  14  0:18  Supply Depot  
  14  0:25  SCV  
  15  0:39  SCV  
  15  0:41  Barracks  
  16  0:45  Refinery  
  16  0:52  SCV  
  17  1:04  SCV  
  18  1:16  SCV  
  19  1:28  Orbital Command  
  19  1:37  Barracks Reactor  
  19  1:44  Command Center  
  19  1:54  SCV  
  20  1:58  Barracks  
  20  2:13  Marine, SCV  
  22  2:21  Supply Depot  
  22  2:28  Barracks  
  22  2:29  SCV  
  23  2:42  Marine x2  
  23  2:43  SCV  
  26  2:46  Barracks Tech Lab  
  26  2:57  Orbital Command  
  26  3:01  Marine x2  
  28  3:08  SCV  
  29  3:14  Stimpack  
  29  3:15  Marine  
  29  3:19  Marine  
  32  3:23  Barracks Reactor  
  31  3:27  Refinery  
  31  3:31  Factory  
  31  3:32  SCV  
  31  3:33  Marine  
  31  3:34  SCV  
  34  3:44  SCV  
  34  3:46  SCV  
  36  3:51  Marine  
  37  3:56  SCV  
  37  3:58  SCV  
  39  4:08  SCV  
  39  4:09  Supply Depot  
  40  4:12  Marine  
  40  4:13  Marine  
  40  4:15  Marine x2  
  44  4:25  Marine  
  44  4:27  Starport  
  44  4:30  Marine, Factory Reactor  
  46  4:33  Marine, SCV  
  46  4:34  SCV  
  49  4:46  SCV x2  
  49  4:52  Starport  
  51  4:57  Supply Depot  
  51  4:59  SCV x2  
Show
View Real Time Build Order
Export as new Build Order

A.I. 1 (Very Easy) Protoss - Winner!

Build Orders:  

Get SALT Encoding   

  12  0:01  Probe (Chrono Boost)  
  13  0:11  Probe (Chrono Boost)  
  14  0:20  Pylon  
  14  0:36  Assimilator  
  14  0:43  Gateway  
  14  0:47  Pylon  
  14  1:14  Assimilator  
  14  1:28  Zealot  
  14  1:29  Probe (Chrono Boost)  
  17  1:35  Cybernetics Core  
  18  1:40  Probe (Chrono Boost)  
  18  1:51  Probe (Chrono Boost)  
  19  2:00  Warp Gate  
  19  2:02  Probe (Chrono Boost)  
  20  2:13  Probe (Chrono Boost)  
  21  2:25  Probe (Chrono Boost)  
  22  2:44  Stalker  
Tags
 
Add a new tag
Caveats
  • Supply blocks, unpowered buildings, or Contaminate may cause inaccurate times.
  • Supply counts are checked every 10 seconds.